[Event "Bratislava Centenary Championship"]
[Site "Bratislava"]
[Date "2019.05.10"]
[Round "1.4"]
[White "Schwarz, Dusan"]
[Black "Pacher, Milan"]
[Result "0-1"]
[ECO "E81"]
[WhiteElo "2326"]
[BlackElo "2396"]
[Annotator "RC"]
[PlyCount "82"]
[EventDate "2019.05.10"]
[EventType "tourn"]
[EventCountry "SVK"]
[SourceTitle "playchess.com"]
[Source "ChessBase"]
[SourceQuality "1"]
[TimeControl "40/5400+30:1800+30"]

1. d4 Nf6 2. c4 g6 3. Nc3 Bg7 4. e4 d6 5. f3 O-O 6. Nge2 c5 7. d5 e6 8. Ng3 exd5 9. cxd5 a6 10. a4 h5 11. Bg5 Qb6 12. Qd2 Nh7 13. Bh4 f6 14. Nge2 f5 15. exf5 Bxf5 16. a5 Qc7 17. Ng3 Nd7 18. Be2 Bd4 19. Nxf5 Rxf5 20. Bf2 Bxf2+ 21. Kxf2 Ne5 22. Rhf1 Raf8 23. Kg1 Rf4 24. Ne4 Qe7 25. Kh1 h4 26. b4 c4 27. Qe3 Ng4 28. Qc3 Nhf6 29. Nxf6+ R8xf6 30. fxg4 Qxe2 31. Qxf6 Rxf6 32. Rxf6 h3 33. Rg1 hxg2+ 34. Rxg2 Qd1+ 35. Rg1 Qxd5+ 36. Rg2 c3 37. Rff2 Qb3 38. h4 d5 39. h5 d4 40. h6 d3 41. Rf6 c2 0-1

[Event "Bratislava Centenary Championship"]
[Site "Bratislava"]
[Date "2019.05.11"]
[Round "2.1"]
[White "Privara, Igor"]
[Black "Kralovic, Andrej"]
[Result "0-1"]
[ECO "C25"]
[WhiteElo "2177"]
[BlackElo "2253"]
[Annotator "NA RC"]
[PlyCount "60"]
[EventDate "2019.05.10"]
[EventType "tourn"]
[EventCountry "SVK"]
[SourceTitle "playchess.com"]
[Source "ChessBase"]
[SourceQuality "1"]
[TimeControl "40/5400+30:1800+30"]

1. e4 e5 2. Nc3 Nc6 3. g3 Bc5 4. Bg2 Nf6 5. Nge2 O-O 6. O-O a6 7. Nd5 Nxd5 8. exd5 {[%emt 0:00:06] C26: Vienna Game: 2...Nf6, sidelines} Nd4 9. c3 (9. Nxd4 Bxd4 10. c3 Ba7 11. d3 d6 12. Be3 Bf5 13. Bxa7 Rxa7 14. f4 exf4 15. Rxf4 Qd7 {½-½ (40) Pytlik,P (2079)-Chovanec,M (2103) Slovakia 2017}) 9... Nxe2+ 10. Qxe2 d6 11. b4 $146 ({Predecessor:} 11. d3 Bd7 12. Be3 Bxe3 13. Qxe3 Qc8 14. Qe4 Bh3 15. f3 Bxg2 16. Kxg2 {0-1 (39) Jostman,A-Brock,D London,Canada 1995}) 11... Ba7 12. Bb2 Bd7 13. Rad1 Qg5 14. c4 Rae8 15. d4 exd4 16. Qd2 Qxd2 17. Rxd2 {[%emt 0:00:08] [#]} d3 $1 18. Rc1 f5 19. Bf3 f4 20. g4 Be3 21. fxe3 fxe3 {[%emt 0:00:19] Discovered Attack} 22. Rxd3 Rxf3 23. Re1 Bxg4 24. Bd4 e2 25. Rxf3 Bxf3 26. Kf2 Bg4 27. Rg1 Re4 28. Ba1 g6 29. Rc1 Rf4+ 30. Kg2 $19 Rf1 0-1

[Event "Bratislava Centenary Championship"]
[Site "Bratislava"]
[Date "2019.05.11"]
[Round "2.3"]
[White "Bochnicka, Vladimir"]
[Black "Schwarz, Dusan"]
[Result "1-0"]
[ECO "B70"]
[WhiteElo "2108"]
[BlackElo "2326"]
[Annotator "NA RC"]
[PlyCount "79"]
[EventDate "2019.05.10"]
[EventType "tourn"]
[EventCountry "SVK"]
[SourceTitle "playchess.com"]
[Source "ChessBase"]
[SourceQuality "1"]
[TimeControl "40/5400+30:1800+30"]

1. e4 c5 2. Nf3 d6 3. d4 cxd4 4. Nxd4 Nf6 5. Nc3 g6 6. Be2 Bg7 7. O-O Nc6 8. Nb3 O-O 9. Bg5 Be6 10. Kh1 Na5 11. f4 Nc4 12. f5 Nxb2 13. Qc1 Bc4 14. Qxb2 {[%emt 0:01:14] B70: Sicilian Dragon: 6 g3 and 6 Be2 (without a later Be3)} Bxe2 15. Nxe2 Nxe4 16. f6 Nxf6 17. Bxf6 exf6 $146 ({Predecessor:} 17... Bxf6 18. c3 Bg7 19. Rad1 Qb6 20. Qd2 Rac8 21. Rf3 d5 {1-0 (46) Guliyev,N (2526)-Asauskas,H (2357) Warsaw 2005}) 18. Rad1 f5 19. Qc1 Rc8 20. Rf3 Re8 21. Nf4 Qh4 22. Nd5 Re2 23. c3 (23. Rf4 $1 $11 Qg5 {[#]} 24. Rf2 $1 Qxc1 25. Nxc1 Rxf2 26. Ne7+ {[%mdl 64] Double Attack} Kf8 27. Nxc8) 23... Rce8 24. Nd4 Rxa2 25. Re3 ({White should play} 25. Qb1 $11 Ra5 26. Rfd3 (26. Qxb7 Bxd4 27. cxd4 Re1+ {[%mdl 64] Double Attack} 28. Rf1 Rxf1+ 29. Rxf1 Qxd4 $15)) 25... Re4 26. Rg3 Be5 27. Nxf5 $1 Qh5 28. Rh3 Qe2 29. Nfe7+ Kf8 30. Rg1 h5 31. Qh6+ Bg7 32. Nxg6+ fxg6 33. Qxg6 Rg4 34. Qf5+ Kg8 35. Qc8+ Kf7 $18 36. Qd7+ Kg6 37. Ne7+ Kh6 38. Rxh5+ Kxh5 39. Qf5+ Kh4 40. g3+ 1-0

[Event "Bratislava Centenary Championship"]
[Site "Bratislava"]
[Date "2019.05.12"]
[Round "3.3"]
[White "Schwarz, Dusan"]
[Black "Janos, Martin"]
[Result "1-0"]
[ECO "D53"]
[WhiteElo "2326"]
[BlackElo "2163"]
[Annotator "ChessBase"]
[PlyCount "103"]
[EventDate "2019.05.10"]
[EventType "tourn"]
[EventCountry "SVK"]
[SourceTitle "playchess.com"]
[Source "ChessBase"]
[SourceQuality "1"]
[TimeControl "40/5400+30:1800+30"]

1. d4 Nf6 2. c4 e6 3. Nc3 d5 4. Bg5 Be7 5. e3 Nbd7 6. Nf3 c6 7. Qc2 Qa5 8. Bd3 dxc4 9. Bxc4 b5 10. Bxf6 Bxf6 11. Bd3 Bb7 12. O-O h6 13. Ne4 Be7 14. a3 O-O 15. b4 Qb6 16. Nc5 Nxc5 17. bxc5 Qc7 18. Ne5 Rad8 19. f4 Bf6 20. Rf3 Bc8 21. Raf1 Bd7 22. Rh3 Be8 23. Rff3 Bxe5 24. fxe5 Qe7 25. Qf2 f5 26. exf6 Rxf6 27. Rxf6 Qxf6 28. Rf3 Qe7 29. Rf8+ Qxf8 30. Bh7+ Kxh7 31. Qxf8 Rc8 32. Qe7 a5 33. Qxe6 Ra8 34. Qe7 a4 35. Qb7 Rd8 36. Kf2 Rd5 37. Ke2 Rf5 38. e4 Rf4 39. Ke3 Rf1 40. d5 cxd5 41. exd5 Ra1 42. c6 Rxa3+ 43. Kd4 Rb3 44. c7 Bd7 45. c8=Q Bxc8 46. Qxc8 Rb2 47. Qf5+ Kg8 48. d6 Rd2+ 49. Kc5 a3 50. Qe6+ Kh7 51. Qe4+ g6 52. Qb7+ 1-0

[Event "Bratislava Centenary Championship"]
[Site "Bratislava"]
[Date "2019.05.12"]
[Round "4.1"]
[White "Privara, Igor"]
[Black "Pacher, Milan"]
[Result "0-1"]
[ECO "B22"]
[WhiteElo "2177"]
[BlackElo "2396"]
[Annotator "NA"]
[PlyCount "122"]
[EventDate "2019.05.10"]
[EventType "tourn"]
[EventCountry "SVK"]
[SourceTitle "playchess.com"]
[Source "ChessBase"]
[SourceQuality "1"]
[TimeControl "40/5400+30:1800+30"]

1. e4 c5 2. c3 d6 3. d4 Nf6 4. dxc5 Nc6 5. cxd6 Nxe4 6. dxe7 (6. Na3 $11 {remains equal.}) 6... Qxd1+ {[%emt 0:08:45] B22: Sicilian: 2 c3} ({Much weaker is} 6... Bxe7 $6 7. Qxd8+ Bxd8 8. Nd2 $11) ({But not} 6... Qxe7 $6 7. Be3 $11) 7. Kxd1 Nxf2+ 8. Ke1 Nxh1 9. exf8=Q+ Kxf8 (9... Rxf8 $17 10. Nd2 Be6) 10. Nf3 (10. Bb5 Bg4 11. Nd2 Re8+ 12. Kf1 h5 13. Ngf3 h4 14. Kg1 Ng3 15. hxg3 hxg3 16. Nf1 Re1 17. Nxe1 {1-0 (17) Khimich,A-Skliarov,V (2362) chess.com INT 2018}) 10... Bg4 11. Bf4 $146 ({Predecessor:} 11. Be2 h5 12. Kf1 h4 13. Bf4 Re8 {0-1 (30) Nguyen,G-To,Q Vung Tau 2000}) 11... Re8+ 12. Be2 h5 13. Nbd2 $1 h4 14. Kf1 h3 15. Re1 g5 16. Bxg5 Ng3+ 17. hxg3 h2 18. Nxh2 Bxe2+ 19. Rxe2 Rxe2 20. Kxe2 Rxh2 21. Kf2 Rh1 22. Nf1 Ne5 23. Ke2 Nc4 24. b3 Nd6 25. Be3 Ne4 26. Bd4 f5 27. Ne3 Ra1 28. Nxf5 Rxa2+ 29. Ke3 Nd2 30. b4 Nb3 31. Be5 Kf7 32. Bb8 Ke6 33. Nd4+ Nxd4 34. Kxd4 a6 35. Kc5 b5 36. Bf4 Rc2 37. Kd4 Rxg2 38. Ke4 Rg1 39. Kd4 Rd1+ 40. Ke4 Rd8 41. Be3 Rg8 42. Bf4 Rh8 43. Kd4 Rc8 44. Kd3 Kf5 45. Kd4 Rc4+ 46. Kd3 Kg4 47. Bb8 Kf3 48. Be5 Re4 49. Bf4 Re1 50. Kd4 Rd1+ 51. Kc5 {[%emt 0:00:00] [#]} Ke4 $1 52. c4 $1 Rh1 ({Better is} 52... bxc4 $17 53. Kxc4 Rd5) 53. cxb5 Rh5+ 54. Kc6 Rxb5 55. Bd6 Rg5 56. Bf4 $11 Rb5 57. Bd6 Kd4 58. Bc5+ Kc4 59. Be7 Re5 60. Kd7 Re4 61. Bc5 a5 0-1

[Event "Bratislava Centenary Championship"]
[Site "Bratislava"]
[Date "2019.05.12"]
[Round "4.2"]
[White "Bochnicka, Vladimir"]
[Black "Kralovic, Andrej"]
[Result "1/2-1/2"]
[ECO "C54"]
[WhiteElo "2108"]
[BlackElo "2253"]
[Annotator "NA"]
[PlyCount "89"]
[EventDate "2019.05.10"]
[EventType "tourn"]
[EventCountry "SVK"]
[SourceTitle "playchess.com"]
[Source "ChessBase"]
[SourceQuality "1"]
[TimeControl "40/5400+30:1800+30"]

1. e4 e5 2. Nf3 Nc6 3. Bc4 Bc5 4. c3 Nf6 5. d3 d6 6. O-O a6 7. Nbd2 Ba7 8. Bb3 O-O 9. h3 Nh5 $14 10. Nxe5 Nxe5 11. Qxh5 Nxd3 12. Nf3 Qf6 13. Bg5 Qg6 14. Qxg6 hxg6 15. Rad1 Nc5 16. Bc2 Be6 17. Nd4 Bc4 18. Rfe1 f6 19. Be3 Rfe8 20. f3 Re7 21. Nb3 Nxb3 22. Bxb3 Bxb3 23. axb3 Bxe3+ 24. Rxe3 Kf7 25. Kf2 Rae8 26. Rde1 Re5 27. Ke2 Rg5 28. Rg1 Rh8 29. f4 Rb5 30. c4 Ra5 31. Kd3 g5 32. b4 gxf4 33. bxa5 fxe3 34. Kxe3 Ke6 35. Rd1 Rb8 36. Rd3 b5 37. Rb3 c5 38. cxb5 axb5 39. Ra3 Ra8 40. a6 Ra7 41. Ra5 b4 42. Kd3 Kd7 43. Kc4 Kc6 44. Ra1 Kb6 45. Rd1 1/2-1/2

[Event "Bratislava Centenary Championship"]
[Site "Bratislava"]
[Date "2019.05.12"]
[Round "4.3"]
[White "Janos, Martin"]
[Black "Oprea, Erik"]
[Result "1/2-1/2"]
[ECO "C05"]
[WhiteElo "2163"]
[BlackElo "2127"]
[Annotator "NA"]
[PlyCount "89"]
[EventDate "2019.05.10"]
[EventType "tourn"]
[EventCountry "SVK"]
[SourceTitle "playchess.com"]
[Source "ChessBase"]
[SourceQuality "1"]
[TimeControl "40/5400+30:1800+30"]

1. e4 e6 2. d4 d5 3. Nd2 Nf6 4. e5 Nfd7 5. Bd3 c5 6. c3 Nc6 7. Ne2 Be7 8. Nf3 Rb8 9. a3 c4 10. Bc2 b5 11. Nf4 g6 12. h4 a5 {[%emt 0:02:37] [#]} 13. Ng5 $16 Nf8 14. Qf3 Bxg5 15. hxg5 Bb7 16. Qg4 Ke7 17. Ne2 Nd7 18. f4 Qf8 19. Be3 Kd8 20. Qh4 Kc7 21. g4 Ra8 22. f5 exf5 23. gxf5 Qe8 24. Kd2 gxf5 25. Rhf1 Ne7 26. Qh2 Kb6 27. Ng3 Nf8 28. Bxf5 Ra6 29. Bc2 Ka7 30. Rf2 Bc8 31. Nh5 Be6 32. Raf1 Nfg6 33. Ng7 Qg8 34. Nxe6 fxe6 35. Rf7 Ka8 36. R1f6 b4 37. Qh3 bxc3+ 38. bxc3 Rb6 39. Rxe6 Qc8 40. Bf5 Rb2+ 41. Ke1 Nxf5 42. Qxf5 Nh4 43. Qf6 Ng2+ 44. Kf1 Nxe3+ 45. Ke1 1/2-1/2

[Event "Bratislava Centenary Championship"]
[Site "Bratislava"]
[Date "2019.05.12"]
[Round "4.4"]
[White "Franzen, Jozef"]
[Black "Schwarz, Dusan"]
[Result "1/2-1/2"]
[ECO "B51"]
[WhiteElo "2229"]
[BlackElo "2326"]
[Annotator "NA"]
[PlyCount "124"]
[EventDate "2019.05.10"]
[EventType "tourn"]
[EventCountry "SVK"]
[SourceTitle "playchess.com"]
[Source "ChessBase"]
[SourceQuality "1"]
[TimeControl "40/5400+30:1800+30"]

1. e4 c5 2. Nf3 d6 3. Bb5+ Nd7 4. d4 cxd4 5. Qxd4 a6 6. Bxd7+ Bxd7 7. O-O e5 8. Qd3 h6 9. c4 {[%emt 0:01:08] B51: Sicilian: Moscow Variation (3 Bb5+) without 3...Bd7} (9. a4 Nf6 10. a5 Be7 11. c4 b5 12. axb6 Qxb6 13. Nc3 O-O 14. Be3 Qb7 15. h3 Rfc8 16. Nd2 Be6 17. Rfb1 a5 18. b3 Ra6 19. Ra2 Bd7 20. Rba1 {½-½ (20) Wang,H (2730)-Nepomniachtchi,I (2763) St Petersburg 2018}) 9... Nf6 10. Nc3 Rc8 11. b3 Be7 (11... b5 $5) 12. Rd1 O-O 13. a4 Qa5 14. Bd2 Qc7 {[%emt 0:00:24] [#]} 15. a5 $146 ({Predecessor:} 15. Be3 Qa5 16. Ne1 Qb4 17. Nc2 Qxb3 18. Na3 Nxe4 {1-0 (42) Idani,P (2508)-Indjic,A (2538) Yerevan 2014}) 15... Be6 16. Rdc1 Nd7 17. Nd5 Qd8 18. Bb4 Nc5 19. Bxc5 Rxc5 20. b4 Rc6 21. Rc3 f5 22. exf5 Bxf5 23. Qe3 Bg4 24. Qe4 Bf5 25. Qe3 Bf6 26. Rac1 Bg4 27. Nxf6+ Qxf6 28. Nd2 Qf4 29. Ne4 Qxe3 30. Rxe3 Bf5 31. f3 Bxe4 32. fxe4 Rf7 33. Rf3 Rxf3 34. gxf3 Kf7 35. Kf2 Ke6 36. Ke3 Rc7 37. Kd3 Rf7 38. Ke3 g5 39. Rb1 Rc7 40. Kd3 Kf6 41. b5 Rc5 42. bxa6 bxa6 43. Rb6 Rxa5 44. Rxd6+ Ke7 45. Rxh6 Ra3+ 46. Ke2 Ra2+ 47. Ke3 a5 48. Ra6 a4 49. c5 a3 50. Kd3 Rf2 51. Kc4 Rxf3 52. Kd5 g4 53. Kxe5 Kd7 54. Kd5 Rd3+ 55. Kc4 Rh3 56. e5 $11 Rxh2 57. Rxa3 Ke6 58. Kd4 Rd2+ 59. Ke4 Re2+ 60. Kf4 Rf2+ 61. Kxg4 Kxe5 62. Rc3 Rf7 1/2-1/2

[Event "Bratislava Centenary Championship"]
[Site "Bratislava"]
[Date "2019.05.12"]
[Round "4.5"]
[White "Kolman, Richard"]
[Black "Kostolansky, Sebastian Lukas"]
[Result "0-1"]
[ECO "E71"]
[WhiteElo "1995"]
[BlackElo "2323"]
[Annotator "NA"]
[PlyCount "70"]
[EventDate "2019.05.10"]
[EventType "tourn"]
[EventCountry "SVK"]
[SourceTitle "playchess.com"]
[Source "ChessBase"]
[SourceQuality "1"]
[TimeControl "40/5400+30:1800+30"]

1. d4 Nf6 2. c4 g6 3. Nc3 Bg7 4. e4 d6 5. h3 O-O 6. Be3 Nc6 {[%emt 0:07:19] E71: King's Indian: 4 e4 d6 5 h3} (6... e5 7. d5 a5 8. g4 Na6 9. Nge2 Nd7 10. Qd2 Ndc5 11. Ng3 c6 12. Be2 cxd5 13. cxd5 a4 14. h4 Bd7 15. h5 Rc8 {0-1 (39) Caruana,F (2832)-Nakamura,H (2746) London 2018}) 7. d5 Nb4 8. g4 $146 ({Predecessor:} 8. a3 Na6 9. Bd3 e6 10. Nge2 Nc5 11. Bc2 exd5 12. cxd5 Re8 13. f3 Nh5 14. g4 {1-0 (36) Jones,G (2660)-Maze,S (2614) Porticcio 2017}) 8... c5 9. a3 Na6 10. Nge2 e6 11. Ng3 exd5 12. cxd5 Re8 13. Be2 Nc7 14. h4 b5 15. g5 Nd7 16. Qd2 Rb8 17. Nd1 Nb6 18. Rc1 Nc4 19. Bxc4 bxc4 20. h5 Bg4 21. hxg6 fxg6 22. Rxc4 Bxd1 23. Qxd1 Rxb2 24. Qg4 Rb1+ 25. Rc1 Rxc1+ (25... Bc3+ $17 26. Kf1 Rb3) 26. Bxc1 Qe7 27. Kf1 Nb5 28. f3 c4 29. Ne2 c3 30. Nf4 Nd4 31. Kg2 c2 32. Qh4 Be5 33. Nd3 Bh8 34. Bf4 Nxf3 35. Qh3 Nxg5 $19 0-1

[Event "Bratislava Centenary Championship"]
[Site "Bratislava"]
[Date "2019.05.13"]
[Round "5.2"]
[White "Schwarz, Dusan"]
[Black "Kolman, Richard"]
[Result "1-0"]
[ECO "D32"]
[WhiteElo "2326"]
[BlackElo "1995"]
[Annotator "ChessBase"]
[PlyCount "31"]
[EventDate "2019.05.10"]
[EventType "tourn"]
[EventCountry "SVK"]
[SourceTitle "playchess.com"]
[Source "ChessBase"]
[SourceQuality "1"]
[TimeControl "40/5400+30:1800+30"]

1. d4 d5 2. c4 e6 3. Nc3 c5 4. cxd5 cxd4 5. Qa4+ Bd7 6. Qxd4 exd5 7. Qxd5 Nc6 8. Nf3 Nf6 9. Qb3 Bc5 10. Bg5 Na5 11. Qc2 Qb6 12. e3 O-O-O 13. Bxf6 gxf6 14. Ne4 Qb4+ 15. Nfd2 b6 16. a3 1-0

[Event "Bratislava Centenary Championship"]
[Site "Bratislava"]
[Date "2019.05.14"]
[Round "6.3"]
[White "Franzen, Jozef"]
[Black "Kralovic, Andrej"]
[Result "1-0"]
[ECO "C65"]
[WhiteElo "2229"]
[BlackElo "2253"]
[Annotator "ChessBase"]
[PlyCount "97"]
[EventDate "2019.05.10"]
[EventType "tourn"]
[EventCountry "SVK"]
[SourceTitle "playchess.com"]
[Source "ChessBase"]
[SourceQuality "1"]
[TimeControl "40/5400+30:1800+30"]

1. e4 e5 2. Nf3 Nc6 3. Bb5 Nf6 4. d3 Bc5 5. c3 O-O 6. Be3 Qe7 7. Qe2 a6 8. Ba4 b5 9. Bb3 d6 10. Nbd2 h6 11. a4 Bxe3 12. fxe3 Be6 13. O-O d5 14. exd5 Bxd5 15. Nh4 Bxb3 16. Nxb3 Qe6 17. Nc5 Qg4 18. Qxg4 Nxg4 19. Rf3 b4 20. Raf1 bxc3 21. bxc3 Rad8 22. Rg3 h5 23. h3 Nh6 24. Nf5 Nxf5 25. Rxf5 h4 26. Rg4 Rd6 27. Rxh4 Rb8 28. Rfh5 Rb1+ 29. Kh2 f6 30. Rh8+ Kf7 31. Rc8 Ne7 32. Rxc7 Re1 33. Rb4 Rc6 34. Rxc6 Nxc6 35. Rb7+ Kg6 36. e4 Rc1 37. Ne6 Rxc3 38. Rxg7+ Kh6 39. Rc7 Rc2 40. Kg3 Nb4 41. Rxc2 Nxc2 42. Nc5 Nb4 43. Kg4 Kg6 44. h4 a5 45. h5+ Kf7 46. Kf3 Kg7 47. Ke2 Nc6 48. Nb3 Kh6 49. g4 1-0

[Event "Bratislava Centenary Championship"]
[Site "Bratislava"]
[Date "2019.05.15"]
[Round "7.2"]
[White "Oprea, Erik"]
[Black "Kostolansky, Sebastian Lukas"]
[Result "0-1"]
[ECO "A22"]
[WhiteElo "2127"]
[BlackElo "2323"]
[Annotator "ChessBase"]
[PlyCount "68"]
[EventDate "2019.05.10"]
[EventType "tourn"]
[EventCountry "SVK"]
[SourceTitle "playchess.com"]
[Source "ChessBase"]
[SourceQuality "1"]
[TimeControl "40/5400+30:1800+30"]

1. c4 e5 2. Nc3 Nf6 3. e3 Bb4 4. Qc2 O-O 5. a3 Bxc3 6. dxc3 Nc6 7. e4 d6 8. f3 a5 9. a4 Be6 10. Be3 Ne7 11. Bd3 c6 12. g4 Qc7 13. Bg5 Ne8 14. Ne2 h6 15. Be3 d5 16. cxd5 cxd5 17. Ng3 dxe4 18. Bxe4 Nd6 19. Rg1 Nc4 20. Bc1 Rad8 21. b3 Qb6 22. Kf1 Nd6 23. c4 Nxe4 24. Nxe4 f5 25. gxf5 Nxf5 26. Kg2 Nh4+ 27. Kh1 Nxf3 28. Bxh6 Nxg1 29. Rxg1 Bg4 30. Rxg4 Rf1+ 31. Kg2 Rg1+ 32. Kf3 Rf8+ 33. Bf4 Rxg4 34. c5 Rfxf4+ 0-1

[Event "Bratislava Centenary Championship"]
[Site "Bratislava"]
[Date "2019.05.15"]
[Round "7.3"]
[White "Kralovic, Andrej"]
[Black "Kolman, Richard"]
[Result "1-0"]
[ECO "B20"]
[WhiteElo "2253"]
[BlackElo "1995"]
[Annotator "NA RC"]
[PlyCount "43"]
[EventDate "2019.05.10"]
[EventType "tourn"]
[EventCountry "SVK"]
[SourceTitle "playchess.com"]
[Source "ChessBase"]
[SourceQuality "1"]
[TimeControl "40/5400+30:1800+30"]

1. e4 c5 2. b3 Nc6 3. Bb2 e5 4. Bb5 Nd4 5. Bc4 Nf6 6. Nc3 {[%emt 0:01:14] B20: Sicilian: Unusual White 2nd moves} Be7 (6... d6 7. Nge2 Be7 8. O-O O-O 9. Ng3 Rb8 10. a4 a6 11. Nd5 Be6 12. a5 Nxd5 13. exd5 {0-1 (45) Reefat,B (2449)-Ismagambetov,A (2519) Al Ain 2014}) 7. Nge2 O-O 8. d3 a6 9. a4 $146 ({Predecessor:} 9. Nd5 d6 10. O-O Bg4 11. f3 Be6 12. Nxe7+ Qxe7 {½-½ (34) Skorna,U (2122)-Schwarzmeier,J (2230) GER email 2007}) 9... b6 10. Nd5 Bb7 11. Nec3 d6 12. O-O Nd7 13. f4 exf4 14. Nxe7+ Qxe7 15. Nd5 Qe5 16. Nxf4 Nf6 17. Qd2 Nf3+ 18. Rxf3 Qxb2 19. Raf1 d5 (19... Bc6 $11) 20. exd5 $14 Nxd5 21. Bxd5 Qd4+ 22. Qf2 1-0

[Event "Bratislava Centenary Championship"]
[Site "Bratislava"]
[Date "2019.05.16"]
[Round "8.4"]
[White "Kostolansky, Sebastian Lukas"]
[Black "Kralovic, Andrej"]
[Result "1-0"]
[ECO "B12"]
[WhiteElo "2323"]
[BlackElo "2253"]
[Annotator "ChessBase"]
[PlyCount "157"]
[EventDate "2019.05.10"]
[EventType "tourn"]
[EventCountry "SVK"]
[SourceTitle "playchess.com"]
[Source "ChessBase"]
[SourceQuality "1"]
[TimeControl "40/5400+30:1800+30"]

1. e4 c6 2. d4 d5 3. e5 Bf5 4. Be3 Qb6 5. Nd2 Qxb2 6. Rb1 Qxa2 7. Rxb7 e6 8. Qc1 Nd7 9. Rb2 Qa5 10. Qb1 Ne7 11. Ngf3 Nc8 12. Nh4 Bg4 13. h3 Bh5 14. g4 Bg6 15. Nxg6 hxg6 16. Bd3 Be7 17. Kf1 Qd8 18. f4 Ncb6 19. Kg2 Rb8 20. c3 O-O 21. h4 Qc7 22. h5 g5 23. fxg5 Nc4 24. Nxc4 dxc4 25. Be4 Ba3 26. Rxb8 Rxb8 27. Qf1 Rb2+ 28. Kg3 Nxe5 29. dxe5 Qxe5+ 30. Qf4 Qxc3 31. Kh4 Be7 32. Bd4 Qd2 33. Qe5 Bxg5+ 34. Qxg5 Qxd4 35. Qf4 c5 36. h6 gxh6 37. Rf1 Qg7 38. Rd1 Qg5+ 39. Qxg5+ hxg5+ 40. Kxg5 Kg7 41. Kf4 f5 42. gxf5 exf5 43. Kxf5 Rf2+ 44. Ke5 a5 45. Ra1 Rf8 46. Rxa5 Re8+ 47. Kd5 Rd8+ 48. Kxc5 c3 49. Ra2 Rd2 50. Bc2 Rd8 51. Kb4 Rc8 52. Bd3 c2 53. Bxc2 Kf6 54. Bd3 Ke5 55. Bc4 Rb8+ 56. Kc3 Rh8 57. Re2+ Kd6 58. Re4 Rh1 59. Kd4 Rd1+ 60. Bd3 Kd7 61. Rg4 Ke6 62. Rg6+ Kf7 63. Ra6 Ke7 64. Ke4 Re1+ 65. Kf5 Kd7 66. Be4 Kc7 67. Ke5 Rd1 68. Rc6+ Kd7 69. Rb6 Re1 70. Rb7+ Kc8 71. Rg7 Kb8 72. Re7 Rd1 73. Rg7 Re1 74. Kd5 Rc1 75. Kd6 Rd1+ 76. Bd5 Rc1 77. Rb7+ Kc8 78. Rb2 Rg1 79. Be6+ {[%emt 0:00:07] Rc1 Bd5 Rd1 Ra2 Rb1 Rh2} 1-0

[Event "Bratislava Centenary Championship"]
[Site "Bratislava"]
[Date "2019.05.16"]
[Round "8.5"]
[White "Schwarz, Dusan"]
[Black "Oprea, Erik"]
[Result "1-0"]
[ECO "E80"]
[WhiteElo "2326"]
[BlackElo "2127"]
[Annotator "NA RC"]
[PlyCount "67"]
[EventDate "2019.05.10"]
[EventType "tourn"]
[EventCountry "SVK"]
[SourceTitle "playchess.com"]
[Source "ChessBase"]
[SourceQuality "1"]
[TimeControl "40/5400+30:1800+30"]

1. d4 Nf6 2. c4 g6 3. Nc3 Bg7 4. e4 d6 5. f3 e5 6. d5 a5 {[%emt 0:00:41] E80: King's Indian: Sämisch: Lines without early ...0-0} (6... Nh5 7. Be3 f5 8. Qd2 Qh4+ 9. Bf2 Qe7 10. O-O-O O-O 11. Be3 Na6 12. Bd3 Nc5 13. Bc2 fxe4 14. Bxc5 exf3 15. Be3 e4 16. Bxe4 Bxc3 17. Qxc3 Qxe4 18. Nxf3 Qg4 {½-½ (41) Goryachkina,A (2518)-Ivanchuk,V (2713) Caleta 2019}) 7. Bd3 h5 $146 ({Predecessor:} 7... Nh5 8. Be3 Nf4 9. Bf1 O-O 10. Qd2 Na6 11. g3 Nh5 12. g4 Nf4 13. Nge2 f5 14. gxf5 Nxe2 15. Bxe2 gxf5 {½-½ (48) Larsen,K (2293)-Zhu,C (2476) Paris 2010}) 8. Nge2 h4 9. Bg5 Nbd7 10. Qd2 c6 11. O-O-O a4 12. dxc6 Nc5 (12... bxc6 $14 13. Bc2 {[%mdl 64] Discovered Attack} h3) 13. Bc2 Ne6 14. cxb7 ({Much less strong is} 14. Bxa4 $6 Rxa4 15. Bxf6 (15. Nxa4 Nxg5 16. Qxd6 Qxd6 $14) 15... Bxf6 $16) (14. Nxa4 Nxg5 15. Kb1 Ne6 $17) 14... Bxb7 15. Be3 ({Weaker is} 15. Bxa4+ Rxa4 16. Nxa4 Nxg5 $11) 15... a3 16. Ba4+ Rxa4 17. Nxa4 axb2+ 18. Kb1 O-O 19. Nac3 Qc8 20. Qxd6 Qxc4 21. Qb6 ({White should try} 21. Qd3 $16 Ba6 22. Qxc4 Bxc4 23. Rd2 (23. Kxb2 Nh5 $16)) 21... Ba6 22. Rd6 Ra8 {[%emt 0:02:03] [#]} 23. Rhd1 $1 ({Less strong is} 23. Kxb2 Bf8 $14) 23... Qc8 {[%emt 0:08:22] [#]} 24. Qc6 $1 ({Avoid the trap} 24. Kxb2 $2 Rb8 $19) ({Not} 24. Qxb2 Bf8 $14) 24... Qf8 25. R1d2 ({Weaker is} 25. Kxb2 Bxe2 26. Nxe2 Rc8 $14) 25... Kh7 26. g3 h3 27. g4 ({But not} 27. Kxb2 $6 Bxe2 28. Nxe2 (28. Rxe2 Rb8+ 29. Kc2 Nxe4 $16) 28... Rc8) 27... Ng8 28. Rd7 Qa3 29. Rxf7 Nd8 {[%emt 0:02:11] [#]} 30. Rxg7+ $1 Kxg7 31. Rd7+ ({Weaker is} 31. Qxa8 Bd3+ {[%mdl 64] Discovered Attack} 32. Rxd3 Qxa8 $14) 31... Ne7 32. Qc5 $18 ({Less strong is} 32. Qxa8 Bd3+ {[%mdl 64] Discovered Attack} 33. Rxd3 Qxa8 $14) 32... Nf7 33. Qxa3 Bd3+ 34. Kxb2 1-0

[Event "Bratislava Centenary Championship"]
[Site "Bratislava"]
[Date "2019.05.17"]
[Round "9.1"]
[White "Oprea, Erik"]
[Black "Privara, Igor"]
[Result "0-1"]
[WhiteElo "2127"]
[BlackElo "2177"]
[Annotator "NA RC"]
[PlyCount "158"]
[EventDate "2019.05.10"]
[EventType "tourn"]
[EventCountry "SVK"]
[SourceTitle "playchess.com"]
[Source "ChessBase"]
[SourceQuality "1"]
[TimeControl "40/5400+30:1800+30"]

1. c4 e6 2. d4 d5 3. Bf4 c6 4. Nd2 Qb6 5. c5 Qxb2 6. Nb3 Nf6 7. Bc1 Qc3+ 8. Bd2 Qb2 9. f3 Qa3 10. e3 Nbd7 11. Kf2 b6 12. Ne2 bxc5 13. Na5 Nb8 14. dxc5 Bxc5 15. Nd4 O-O 16. Nab3 Bxd4 17. exd4 a5 18. Bc1 Qd6 19. a4 Re8 20. Bd3 Nbd7 21. Ba3 Qf4 22. Bc1 Qc7 23. Be3 e5 24. Rc1 e4 25. Bb5 Bb7 26. f4 Qd6 27. Be2 Ba6 28. g4 Bxe2 29. Qxe2 Reb8 30. Nc5 Nxc5 31. Rxc5 Nd7 32. Rc3 c5 33. dxc5 Qf6 34. Qd2 Qh4+ 35. Ke2 Qxg4+ 36. Ke1 Rb1+ 37. Rc1 Rxc1+ 38. Qxc1 Rc8 39. Rg1 Qe6 40. Qc3 f6 41. Qxa5 d4 42. Bxd4 Qc4 43. Qd2 Nxc5 44. Bxc5 Qxc5 45. Rg3 Qc1+ 46. Qxc1 Rxc1+ 47. Kd2 Ra1 48. f5 Rxa4 49. Rc3 Ra2+ 50. Ke3 h5 51. Rc8+ Kh7 52. Kxe4 Rxh2 53. Kf4 Rf2+ 54. Ke4 h4 55. Rc1 h3 56. Rc3 h2 57. Rh3+ Kg8 58. Rh5 Kf7 59. Rh7 Kf8 60. Rh8+ Ke7 61. Rh7 Kd6 62. Ke3 Rxf5 63. Rxh2 g5 64. Ke4 Rf4+ 65. Ke3 Ke5 66. Rh8 Ra4 67. Kf3 Kf5 68. Rb8 Ra3+ 69. Kf2 g4 70. Rf8 Kg5 71. Rg8+ Kf4 72. Rb8 Ra2+ 73. Kg1 f5 74. Rb3 g3 75. Kh1 Kg4 76. Rb8 f4 77. Rb1 Kh3 78. Kg1 f3 79. Rc1 f2+ 0-1